 Dungeon Sprint DCSS version 0.28-a0-1524-ge72afd5fc6 (webtiles) character file.

Game seed: 10716736441999740670

47098 mhtbhm the Impregnable (level 13, -3/143 HPs)
             Began as a Minotaur Fighter on Jan 17, 2022.
             Was an Initiate of Gozag.
             Succumbed to poison (dark miasma)
             ... in the Dungeon (Sprint III: "The Ten Rune Challenge").
             The game lasted 00:14:14 (7898 turns).

mhtbhm the Impregnable (Minotaur Fighter)           Turns: 7898, Time: 00:14:15

Health: -3/143     AC: 27    Str: 27    XL:     13   Next: 40%
Magic:  12/12      EV:  8    Int:  5    God:    Gozag
Gold:   3390       SH: 13    Dex:  9    Spells: 12/12 levels left

rFire   + + .      SeeInvis .   a - +2 hand axe (flame)
rCold   + . .      Faith    .   c - +0 buckler
rNeg    . . .      Spirit   .   y - +2 gold dragon scales
rPois   +          Reflect  +   r - +2 hat
rElec   .          Harm     .   (no cloak)
rCorr   .          Rampage  .   (no gloves)
Will    .....      NoTele   +   (no boots)
Stlth   ..........              s - amulet of reflection
HPRegen 0.33/turn               (no ring)
MPRegen 0.13/turn               (no ring)

@: mighty, brilliant, lethally poisoned (-3 -> -38), gold aura, slowed, very
slow
A: horns 2, retaliatory headbutt, claws 1, fire resistance 1
}: 1/10 runes: serpentine
a: Renounce Religion, Potion Petition, Call Merchant, Bribe Branch


You were in the Dungeon.
You worshipped Gozag.
Gozag was most pleased with you.
You visited 1 branch You collected 12547 gold pieces.
You spent 5533 gold pieces at shops.
You paid 3624 gold pieces to Gozag.

Inventory:

Hand Weapons
 a - a +2 hand axe of flaming (weapon)
Missiles
 e - 6 curare-tipped darts (quivered)
Armour
 b - a +3 chain mail of willpower
 c - a +0 buckler (worn)
 r - a +2 hat (worn)
 v - a scarf of repulsion
 y - +2 gold dragon scales (worn)
Jewellery
 q - a ring of fire
 s - an amulet of reflection (around neck)
Wands
 f - a wand of polymorph (10)
Scrolls
 i - a scroll of holy word
 j - 5 scrolls of blinking
 k - 3 scrolls of immolation
 l - a scroll of identify
 p - a scroll of enchant armour
 t - a scroll of enchant weapon
 u - a scroll of summoning
Potions
 d - a potion of might
 h - 2 potions of magic
 m - 2 potions of flight
 n - 5 potions of mutation
 w - a potion of invisibility {unknown}
 z - a potion of lignification {unknown}
Miscellaneous
 o - a condenser vane


   Skills:
 + Level 21.4 Fighting
 + Level 20.5 Axes
 + Level 1.9 Throwing
 + Level 21.5 Armour
 + Level 6.4 Dodging
 + Level 10.6 Stealth
 + Level 17.4 Shields
 + Level 4.9 Evocations


You had 12 spell levels left.
You didn't know any spells.
Your spell library contained the following spells:

 Spells                   Type           Power      Damage    Failure   Level
 Apportation              Tloc           0%         N/A       100%        1
 Conjure Flame            Conj/Fire      0%         6-21      100%        3
 Ignite Poison            Fire/Tmut/Pois 0%         N/A       100%        3
 Sticky Flame             Conj/Fire      0%         2d3       100%        4
 Alistair's Intoxication  Tmut/Pois      0%         N/A       100%        5


Dungeon Overview and Level Annotations

Branches:
Dungeon (1/1)

Altars:
Cheibriados
Dithmenos
Elyvilon
Fedhas
Gozag
Hepliaklqana
Kikubaaqudgha
Makhleb
Nemelex Xobeh
Okawaru
Qazlal
Ru
Sif Muna
Trog
Uskayaw
Vehumet
Wu Jian
Xom
Yredelemnul
Zin
The Shining One
Beogh
Jiyva
Lugonu

Shops:
D [=[??:?(=?[!([([


Innate Abilities, Weirdness & Mutations

You have a pair of horns on your head.
You reflexively headbutt those who attack you in melee.
You have sharp fingernails.
Your flesh is heat resistant. (rF+)


Message History

The death drake is severely wounded.
You feel very sick. The death drake breathes miasma at you.
The foul vapour misses you.
You hit the death drake. You burn the death drake.
The death drake is severely wounded.
You are engulfed in dark miasma.
* * * LOW HITPOINT WARNING * * *
You feel very sick. You block the death drake's attack.
The death drake bites you but does no damage.
You closely miss the death drake. You headbutt the death drake!
The death drake is almost dead.
You are engulfed in dark miasma.
You are lethally poisoned!
* * * LOW HITPOINT WARNING * * *
x2 You feel very sick.
You block the death drake's attack. [a] - 756 gold - haste, resistance, might and brilliance [b] - 696 gold - resistance, might, haste and heal wounds [c] - 364 gold - might, brilliance and heal wounds Purchase which effect?
You feel very mighty all of a sudden.
You feel clever all of a sudden.
You feel much better.
You feel extremely sick. You block the death drake's attack.
The death drake breathes miasma at you. The foul vapour engulfs you.
* * * LOW HITPOINT WARNING * * *
You slash the death drake! You burn the death drake.
You kill the death drake!
You are engulfed in dark miasma.
You are lethally poisoned!
* * * LOW HITPOINT WARNING * * *
x2 You feel extremely sick.
You are engulfed in dark miasma.
You feel as though you will be slow longer.
* * * LOW HITPOINT WARNING * * *
You die...
Your body crumbles into a pile of gold.

♣♣♣♣♣♣♣#..♣♣ ♣♣♣##'## ♣
###'♣♣♣♣♣♣♣♣♣♣♣♣♣♣♣**#.).' ##♣
♣♣♣♣.##..##≈≈≈≈≈≈..#$$#...# ..♣♣
♣...##.##.#≈≈≈≈≈...#,$#...# ##'♣
♣♣.##.##)##'≈≈≈≈≈####+##### ...♣
♣..#.##...#≈≈...○☼°§,#...) ####♣♣
♣♣.##.##..#°°.+####**#...) ....P♣
♣♣.##.#####°°.#,,,,,,#.... ....P♣
♣.....##°@°°°°#***,_,#....
#'#############+######******#'###
#...........##*≈≈≈≈≈≈≈≈≈≈≈≈*#....
#............#*≈≈≈≈≈≈≈≈≈≈≈≈*#.###
###########..#*≈≈≈,,≈≈≈≈≈,,*#.#[P
##...........#*≈≈,,,,≈≈≈,,,*#.#..
#...........##*≈≈≈,,≈≈≈≈≈,,*#.#..
#..########## *≈≈≈≈≈≈≈≈≈≈,,*#.#))
#..)........##*≈≈≈≈≈≈≈≈≈≈≈,*#.#)#


There were no monsters in sight!

Vanquished Creatures
  Rupert (D)
  Gastronok (D)
  Dowan (D)
  A nagaraja (D)
  4 azure jellies (D)
  2 dire elephants (D)
  A fire dragon (D)
  A naga warrior (D)
  2 centaur warriors (D)
  2 anacondas (D)
  2 hydras (D)
  Erica (D)
  4 death yaks (D)
  Urug (D)
  3 deep elf knights (D)
  A death drake (D)
  An obsidian statue (D)
  A lindwurm (D)
  2 orc knights (D)
  3 deep elf pyromancers (D)
  2 ugly things (D)
  2 elephants (D)
  2 black mambas (D)
  A guardian serpent (D)
  Duvessa (D)
  2 cane toads (D)
  An unseen horror (D)
  A rime drake (D)
  A komodo dragon (D)
  A queen bee (D)
  4 spriggan defenders (D)
  2 tyrant leeches (D)
  8 blink frogs (D)
  An orc high priest (D)
  A shadow (D)
  3 wandering mushrooms (D)
  3 redbacks (D)
  2 nagas (D)
  A spatial vortex (D)
  2 water moccasins (D)
  A swamp drake (D)
  3 orc warriors (D)
  A necrophage (D)
  2 centaurs (D)
  An earth elemental (D)
  A water elemental (D)
  A scorpion (D)
  32 killer bees (D)
  An electric eel (D)
  A jelly (D)
  4 orc priests (D)
  A wizard (D)
  Jessica (D)
  2 orc wizards (D)
  A necromancer (D)
  3 humans (D)
  A kobold demonologist (D)
  5 adders (D)
  10 orcs (D)
  An endoplasm (D)
  2 rats (D)
151 creatures vanquished.

Vanquished Creatures (others)
  20 plants (D)
20 creatures vanquished.

Grand Total: 171 creatures vanquished

Notes
Turn   | Place    | Note
-------+----------+-------------------------------------------
     0 | D        | mhtbhm the Minotaur Fighter began the quest for the Orb.
     0 | D        | Reached XP level 1. HP: 19/19 MP: 0/0
    25 | D        | Noticed Jessica
    32 | D        | Killed Jessica
    33 | D        | Reached skill level 5 in Fighting
    33 | D        | Reached skill level 5 in Armour
    33 | D        | Reached skill level 5 in Shields
    33 | D        | Reached XP level 2. HP: 21/29 MP: 1/1
   125 | D        | Reached XP level 3. HP: 36/36 MP: 2/2
   176 | D        | Noticed a scorpion
   183 | D        | Killed a scorpion
   184 | D        | Reached skill level 5 in Axes
   184 | D        | Reached XP level 4. HP: 22/45 MP: 3/3
   371 | D        | Gained mutation: You have sharp fingernails. [potion of
                  | mutation]
   371 | D        | Gained mutation: Your flesh is heat resistant. (rF+)
                  | [potion of mutation]
   376 | D        | Noticed a water elemental
   384 | D        | Killed a water elemental
   385 | D        | Reached XP level 5. HP: 23/52 MP: 4/4
   685 | D        | Noticed a shadow
   687 | D        | Killed a shadow
   688 | D        | Reached XP level 6. HP: 62/62 MP: 5/5
   693 | D        | Found a blossoming altar of Fedhas.
   693 | D        | Found a stormy altar of Qazlal.
   693 | D        | Found a snail-covered altar of Cheibriados.
   693 | D        | Found a burning altar of Makhleb.
   693 | D        | Found a shimmering altar of Xom.
   694 | D        | Found a hazy altar of Hepliaklqana.
   694 | D        | Found an opulent altar of Gozag.
   694 | D        | Found a sparkling altar of Nemelex Xobeh.
   694 | D        | Found a corrupted altar of Lugonu.
   694 | D        | Found a viscous altar of Jiyva.
   694 | D        | Noticed a spatial vortex
   702 | D        | Killed a spatial vortex
   706 | D        | Became a worshipper of Gozag Ym Sagoz the Greedy
   722 | D        | Found a basalt altar of Yredelemnul.
   722 | D        | Found a shadowy altar of Dithmenos.
   722 | D        | Found a sacrificial altar of Ru.
   729 | D        | Reached skill level 10 in Axes
   729 | D        | Reached skill level 10 in Armour
   729 | D        | Reached XP level 7. HP: 67/71 MP: 6/6
   754 | D        | Found a radiant altar of Vehumet.
   754 | D        | Found a shimmering blue altar of Sif Muna.
   754 | D        | Found an ancient bone altar of Kikubaaqudgha.
   780 | D        | Found a glowing silver altar of Zin.
   780 | D        | Found a glowing golden altar of the Shining One.
   780 | D        | Found a white marble altar of Elyvilon.
   781 | D        | Noticed a deep elf pyromancer
   789 | D        | Killed a deep elf pyromancer
   790 | D        | Reached skill level 10 in Fighting
   790 | D        | Reached skill level 1 in Dodging
   790 | D        | Reached XP level 8. HP: 41/81 MP: 7/7
   963 | D        | Found a hide-covered altar of Uskayaw.
   963 | D        | Found an iron altar of Okawaru.
   963 | D        | Found a bloodstained altar of Trog.
   963 | D        | Found an ornate altar of the Wu Jian Council.
  1027 | D        | Noticed Erica
  1040 | D        | Killed Erica
  1041 | D        | Reached skill level 10 in Shields
  1519 | D        | Noticed a centaur warrior
  1524 | D        | Reached XP level 9. HP: 43/91 MP: 8/8
  1534 | D        | Killed a centaur warrior
  1535 | D        | Reached skill level 15 in Axes
  1770 | D        | Killed an unseen horror
  1872 | D        | Found Obbepecaih's Magic Scroll Boutique.
  1873 | D        | Noticed an orc knight
  1873 | D        | Noticed an orc knight
  1899 | D        | Killed an orc knight
  1900 | D        | Reached skill level 1 in Stealth
  1924 | D        | Killed an orc knight
  1925 | D        | Reached XP level 10. HP: 36/102 MP: 9/9
  2153 | D        | Bought a scroll of blinking for 75 gold pieces
  2153 | D        | Bought a scroll of holy word for 75 gold pieces
  2153 | D        | Bought a scroll of identify for 20 gold pieces
  2185 | D        | Noticed a deep elf knight
  2185 | D        | Noticed a deep elf knight
  2185 | D        | Noticed a deep elf pyromancer
  2185 | D        | Noticed a deep elf knight
  2185 | D        | Noticed a deep elf pyromancer
  2205 | D        | Killed a deep elf knight
  2206 | D        | Reached skill level 5 in Stealth
  2206 | D        | Reached skill level 1 in Evocations
  2209 | D        | Killed a deep elf knight
  2214 | D        | Killed a deep elf pyromancer
  2217 | D        | Killed a deep elf pyromancer
  2225 | D        | Killed a deep elf knight
  2226 | D        | Reached skill level 15 in Armour
  2745 | D        | Noticed Dowan
  2745 | D        | Noticed Duvessa
  2767 | D        | Killed Dowan
  2768 | D        | Reached skill level 15 in Fighting
  2768 | D        | Reached XP level 11. HP: 29/112 MP: 10/10
  2792 | D        | Killed Duvessa
  3489 | D        | Noticed an obsidian statue
  3508 | D        | Killed an obsidian statue
  3509 | D        | Reached skill level 10 in Stealth
  3771 | D        | Reached skill level 5 in Dodging
  3909 | D        | Noticed a green ugly thing
  3922 | D        | Killed a green ugly thing
  4001 | D        | Identified the +1 hand crossbow of the Soothsayer {elec,
                  | rElec}
  4009 | D        | Noticed a centaur warrior
  4015 | D        | Killed a centaur warrior
  4061 | D        | Noticed a white ugly thing
  4069 | D        | Killed a white ugly thing
  4248 | D        | Noticed a fire dragon
  4269 | D        | Killed a fire dragon
  4535 | D        | Found Cistrorgh's Magic Scroll Emporium.
  4535 | D        | Found Niroh's Distillery.
  4535 | D        | Found Iruryru's Antique Armour Shoppe.
  4535 | D        | Found Weextext's Jewellery Boutique.
  4535 | D        | Found Dailah's Armour Emporium.
  4535 | D        | Found Luapey's Weapon Shop.
  4535 | D        | Found Qakluas's Antique Armour Emporium.
  4535 | D        | Found Ymawnu's Antique Weapon Boutique.
  4536 | D        | Found Cerar's Antique Weapon Boutique.
  4536 | D        | Found Leroodoe's Magic Scroll Shop.
  4536 | D        | Found Vost's Book Emporium.
  4566 | D        | Bought an embroidered hat for 140 gold pieces
  4574 | D        | Bought a crude chain mail for 294 gold pieces
  4574 | D        | Identified the +2 chain mail of the Wheelwright {Harm Str+3
                  | Int+8 Dex-5} (You bought it in a shop in the Dungeon)
  4591 | D        | Bought a glowing chain mail for 232 gold pieces
  4604 | D        | Bought an amulet of reflection for 330 gold pieces
  4611 | D        | Bought a scroll of blinking for 105 gold pieces
  4611 | D        | Bought a scroll of blinking for 105 gold pieces
  4611 | D        | Bought a scroll of blinking for 105 gold pieces
  4611 | D        | Bought a scroll of enchant weapon for 105 gold pieces
  4611 | D        | Bought a scroll of enchant armour for 105 gold pieces
  4622 | D        | Bought a runed scarf for 160 gold pieces
  4632 | D        | Bought a scroll of magic mapping for 45 gold pieces
  5178 | D        | Reached XP level 12. HP: 108/126 MP: 11/11
  5203 | D        | Noticed Rupert
  5220 | D        | Killed Rupert
  5492 | D        | Noticed a dire elephant
  5492 | D        | Noticed a dire elephant
  5492 | D        | Noticed Gastronok
  5504 | D        | Killed a dire elephant
  5512 | D        | Killed Gastronok
  5513 | D        | Reached skill level 1 in Throwing
  5516 | D        | Killed a dire elephant
  5851 | D        | Bought shiny gold dragon scales for 3320 gold pieces
  5863 | D        | Noticed an azure jelly
  5863 | D        | Noticed an azure jelly
  5863 | D        | Noticed an azure jelly
  5864 | D        | Noticed an azure jelly
  5879 | D        | Noticed a death yak
  5879 | D        | Noticed a death yak
  5884 | D        | Noticed a death yak
  5888 | D        | Noticed a death yak
  5890 | D        | Killed a death yak
  5902 | D        | Killed a death yak
  5917 | D        | Killed a death yak
  5927 | D        | Killed a death yak
  5936 | D        | Reached skill level 15 in Shields
  6182 | D        | Noticed an anaconda
  6195 | D        | Killed an anaconda
  6280 | D        | Noticed an anaconda
  6297 | D        | Killed an anaconda
  6518 | D        | Noticed a naga warrior
  6518 | D        | Noticed a nagaraja
  6520 | D        | Found Itipt's Jewellery Boutique.
  6520 | D        | Found Tutaosuof's Antique Armour Emporium.
  6522 | D        | Found Ynej's Magic Scroll Shop.
  6536 | D        | Killed a nagaraja
  6550 | D        | Killed a naga warrior
  6873 | D        | Bought a scroll of blinking for 97 gold pieces
  6894 | D        | Reached XP level 13. HP: 121/140 MP: 12/12
  6900 | D        | Got a serpentine rune of Zot
  6912 | D        | Bought a scroll of enchant armour for 97 gold pieces
  6912 | D        | Bought a scroll of summoning for 123 gold pieces
  7011 | D        | Killed an azure jelly
  7035 | D        | Killed an azure jelly
  7039 | D        | Killed an azure jelly
  7067 | D        | Killed an azure jelly
  7537 | D        | Noticed Urug
  7554 | D        | Killed Urug
  7898 | D        | Succumbed to poison (dark miasma)

Illustrated notes

Levels and vault maps discovered:
D:        dungeon_sprint_mu [sprint_mu_entry_cave, sprint_mu_temple_rooms,
          sprint_mu_d1_horrors, sprint_mu_d2_genie, sprint_mu_d3_branching,
          sprint_mu_orc_legion, sprint_mu_elf_gauntlet, sprint_mu_hive_nellie,
          sprint_mu_lair_fedhas, sprint_mu_vaults_butterflies,
          sprint_mu_slime_circle, sprint_mu_shoals_archi,
          sprint_mu_snake_twists, sprint_mu_blade_basic, sprint_mu_crypt_lich,
          sprint_mu_tomb_spiral, sprint_mu_vestibule_basic,
          sprint_mu_gehenna_hellfire, sprint_mu_dis_giant,
          sprint_mu_tartarus_statrot, sprint_mu_cocytus_islands, sprint_mu_zot1]

Skill      XL: |  1  2  3  4  5  6  7  8  9 10 11 12 13 |
---------------+----------------------------------------+-----
Fighting       | 5 6 7 8 9 10 12 13 15 17 20 21 | 21.4
Armour         | 5 6 7 9 10 11 12 14 15 18 20 21 | 21.5
Shields        | 5 6 7 8 9 10 11 13 15 17 | 17.4
Axes           | 3 5 6 8 10 11 14 16 17 18 20 | 20.5
Dodging        | 1 3 4 5 6 |  6.4
Stealth        | 3 8 10 | 10.6
Evocations     | 1 3 4 |  4.9
Throwing       | 1 |  1.9

Action                   |  1- 3 |  4- 6 |  7- 9 | 10-12 | 13-15 || total
-------------------------+-------+-------+-------+-------+-------++-------
Melee: War axe           |    20 |    22 |    29 |       |       ||    71
       Headbutt          |     4 |     2 |    31 |   108 |    26 ||   171
       Hand axe          |       |       |    99 |   441 |   106 ||   646
Throw: Dart              |       |       |       |     2 |       ||     2
Invok: Potion Petition   |       |       |       |     4 |     4 ||     8
       Call Merchant     |       |       |       |     1 |       ||     1
Evoke: Condenser vane    |       |       |     2 |     6 |     1 ||     9
       Wand              |       |       |       |     7 |       ||     7
  Use: Potion            |       |     1 |     3 |     3 |     1 ||     8
       Scroll            |       |       |       |     5 |       ||     5
 Stab: Confused          |       |       |    13 |     2 |       ||    15
       Invisible         |       |       |       |     4 |       ||     4
       Distracted        |       |       |       |     2 |     1 ||     3
Armor: Scale mail        |     7 |     5 |    30 |       |       ||    42
       Plate armour      |       |       |       |    89 |       ||    89
       Chain mail        |       |       |       |    15 |       ||    15
       Gold dragon scale |       |       |       |    37 |    66 ||   103
Dodge: Dodged            |    11 |     6 |    27 |    82 |    25 ||   151
Block: Buckler           |     4 |     1 |    13 |   126 |    49 ||   193
       Reflection        |       |       |       |     2 |       ||     2

Table legend: (Time is in decaauts)
 A = Elapsed time spent in this place.
 B = Non-inter-level travel time spent in this place.
 C = Inter-level travel time spent in this place.
 D = Time resting spent in this place.
 E = Time spent auto-exploring this place.
 F = Levels seen in this place.
 G = Mean time per level.
                   A        B        C        D        E       F      G
               +--------+--------+--------+--------+--------+-----+--------+
         Total |   7698 |   7698 |      0 |   5484 |    118 |   1 | 7698.0 |
       Dungeon |   7698 |   7698 |      0 |   5484 |    118 |   1 | 7698.0 |
               +--------+--------+--------+--------+--------+-----+--------+

Top non-repeatable levels by time:
       D: 7698 daAuts
